 Dungeon Crawl Stone Soup version 0.24.1-8-ga250c9d538 (webtiles) character file.

Game seed: 4918113635478367565, levelgen mode: deterministic

658 Lemonice the Charmwright (level 7, 0/56 HPs)
             Began as a Gnoll Skald on Apr 27, 2020.
             Slain by Pikel
             ... wielding a +1 whip of freezing
              (4 damage)
             ... on level 4 of the Dungeon.
             The game lasted 00:16:58 (3870 turns).

Lemonice the Charmwright (Gnoll Skald)              Turns: 3870, Time: 00:16:58

Health: 0/56       AC:  6    Str: 16    XL:     7   Next: 55%
Magic:  11/13      EV: 14    Int: 15    God:
Gold:   245        SH:  0    Dex: 14    Spells: 6/17 levels left

rFire    . . .     SeeInvis .   e - +3 short sword
rCold    . . .     Gourm    .   (no shield)
rNeg     . . .     Faith    .   b - +0 leather armour
rPois    +         Spirit   .   m - +1 helmet
rElec    .         Reflect  .   (no cloak)
rCorr    .         Harm     .   q - +0 pair of gloves
MR       .....                  (no boots)
Stlth    ++........             (no amulet)
HPRegen  0.18/turn              (no ring)
MPRegen  0.13/turn              (no ring)

@: no status effects
A: distributed training, fangs 1, low mp 1, mutation resistance 1, poison
resistance, strong nose
a: no special abilities


You were on level 4 of the Dungeon.
You were not hungry.

You visited 1 branch of the dungeon, and saw 4 of its levels.
You also visited: Sewer.

You collected 245 gold pieces.

Inventory:

Hand Weapons
 a - a +0 falchion
 e - a +3 short sword (weapon)
 h - a +1 dagger of freezing
 k - a +0 flail
Missiles
 l - 6 curare-tipped darts (quivered)
Armour
 b - a +0 leather armour (worn)
 m - a +1 helmet (worn)
 q - a +0 pair of gloves (worn)
Scrolls
 c - a scroll of immolation
 f - 2 scrolls of amnesia
 i - a scroll of enchant weapon
 o - 4 scrolls of remove curse
 p - 2 scrolls of teleportation
 r - a scroll of random uselessness {unknown}
 s - a scroll of identify
Potions
 g - a potion of haste {unknown}
Comestibles
 d - 6 rations
 j - 2 chunks of flesh


   Skills:
 + Level 5.2 Fighting
 + Level 2.5 Short Blades
 + Level 5.2 Long Blades
 + Level 2.5 Axes
 + Level 2.5 Maces & Flails
 + Level 2.5 Polearms
 + Level 2.5 Staves
 + Level 2.5 Slings
 + Level 2.5 Bows
 + Level 2.5 Crossbows
 + Level 2.5 Throwing
 + Level 3.6 Armour
 + Level 5.2 Dodging
 + Level 2.5 Stealth
 + Level 2.5 Shields
 + Level 2.5 Unarmed Combat
 + Level 5.6 Spellcasting
 + Level 2.0 Conjurations
 + Level 2.0 Hexes
 + Level 5.8 Charms
 + Level 2.0 Summonings
 + Level 2.0 Necromancy
 + Level 2.0 Translocations
 + Level 2.0 Transmutations
 + Level 2.0 Fire Magic
 + Level 2.0 Ice Magic
 + Level 2.0 Air Magic
 + Level 2.0 Earth Magic
 + Level 2.0 Poison Magic
 + Level 2.8 Invocations
 + Level 2.5 Evocations


You had 6 spell levels left.
You knew the following spells:

 Your Spells              Type           Power        Failure   Level  Hunger
a - Infusion              Chrm           ###.         1%          1    None
b - Song of Slaying       Chrm           ###.....     2%          2    #......
c - Shroud of Golubria    Chrm/Tloc      ###...       5%          2    #......
d - Regeneration          Chrm/Necr      ###.......   11%         3    ###....
e - Spectral Weapon       Hex/Chrm       ###.....     11%         3    ###....

Your spell library contained the following spells:

 Spells                   Type           Power        Failure   Level  Hunger


Dungeon Overview and Level Annotations

Branches:
Dungeon (4/15)              Sewer (visited)
 Temple: D:4-7

Altars:
Ashenzari
Elyvilon
Okawaru

Annotations:
D:2 Sigmund
D:4 Pikel


Innate Abilities, Weirdness & Mutations

Your experience applies equally to all skills.
You have very sharp teeth.
Your uncanny sense of smell can sniff out nearby items.
Your magical capacity is low. (-10% MP)
You are somewhat resistant to further mutation.
Your system is resistant to poisons. (rPois)


Message History

Pikel closely misses you.
Pikel hits you with a +1 whip of freezing.
Pikel freezes you.
You hear an angry hiss.
You hear a howl!
You hear a shout! x3
Pikel rages.
You hear a shout!
Pikel hits you with a +1 whip of freezing.
Pikel freezes you. Pikel closely misses you.
Pikel rages.
Pikel hits you with a +1 whip of freezing.
* * * LOW HITPOINT WARNING * * *
Pikel freezes you.
* * * LOW HITPOINT WARNING * * *
Pikel hits you with a +1 whip of freezing!
* * * LOW HITPOINT WARNING * * *
Pikel freezes you.
* * * LOW HITPOINT WARNING * * *
Pikel hits you with a +1 whip of freezing.
You die...

#.###.####..# #....#
#.# #...##..## ###.#
#.# #....#...# ###...#
#.###....#...# ##.....#
#..##[.......###......#
#..#######....##..###.#
#...### #....#...###.#
#.....####....#...##..#
#........@K...........#
#######################


You could see Pikel (berserk).

Vanquished Creatures
  Grinder (D:4)
  A slave (D:4)
  A crocodile (Sewer)
  A bullfrog (D:4)
  2 hounds (D:4)
  An iguana (D:4)
  A worker ant (D:4)
  An orc wizard (D:4)
  2 howler monkey skeletons (D:4)
  6 adders
  A shadow imp (D:3)
  An ooze (D:2)
  4 dart slugs
  2 worms (D:3)
  5 leopard geckos
  9 orcs
  3 ball pythons
  4 giant cockroaches
  3 goblins
  7 hobgoblins
  11 jackals
  6 bats
  6 frilled lizards
  14 kobolds
  A quokka skeleton (D:4)
  8 rats
102 creatures vanquished.

Notes
Turn   | Place    | Note
-------+----------+-------------------------------------------
     0 | D:1      | Lemonice the Gnoll Skald began the quest for the Orb.
     0 | D:1      | Reached XP level 1. HP: 20/20 MP: 6/6
   344 | D:1      | Reached XP level 2. HP: 26/26 MP: 2/7
   354 | D:1      | Learned a level 2 spell: Song of Slaying
   357 | D:1      | Learned a level 2 spell: Shroud of Golubria
   536 | D:1      | Reached XP level 3. HP: 22/31 MP: 9/9
   541 | D:1      | Learned a level 3 spell: Regeneration
   545 | D:1      | Learned a level 3 spell: Spectral Weapon
   582 | D:1      | Reached skill level 5 in Spellcasting
   852 | D:2      | Noticed Sigmund
  1130 | D:2      | Found a white marble altar of Elyvilon.
  1250 | D:2      | Reached skill level 1 in Invocations
  1308 | D:2      | Found a faded altar of an unknown god.
  1340 | D:2      | Reached skill level 1 in Short Blades
  1340 | D:2      | Reached skill level 1 in Axes
  1340 | D:2      | Reached skill level 1 in Maces & Flails
  1340 | D:2      | Reached skill level 1 in Polearms
  1340 | D:2      | Reached skill level 1 in Staves
  1340 | D:2      | Reached skill level 1 in Slings
  1340 | D:2      | Reached skill level 1 in Bows
  1340 | D:2      | Reached skill level 1 in Crossbows
  1340 | D:2      | Reached skill level 1 in Throwing
  1340 | D:2      | Reached skill level 1 in Stealth
  1340 | D:2      | Reached skill level 1 in Shields
  1340 | D:2      | Reached skill level 1 in Unarmed Combat
  1340 | D:2      | Reached skill level 1 in Evocations
  1349 | D:2      | Reached XP level 4. HP: 35/38 MP: 11/11
  2014 | D:3      | Found a glowing drain.
  2056 | Sewer    | Entered a sewer
  2063 | Sewer    | Reached skill level 1 in Conjurations
  2063 | Sewer    | Reached skill level 1 in Hexes
  2063 | Sewer    | Reached skill level 1 in Summonings
  2063 | Sewer    | Reached skill level 1 in Necromancy
  2063 | Sewer    | Reached skill level 1 in Translocations
  2063 | Sewer    | Reached skill level 1 in Transmutations
  2063 | Sewer    | Reached skill level 1 in Fire Magic
  2063 | Sewer    | Reached skill level 1 in Ice Magic
  2063 | Sewer    | Reached skill level 1 in Air Magic
  2063 | Sewer    | Reached skill level 1 in Earth Magic
  2063 | Sewer    | Reached skill level 1 in Poison Magic
  2107 | Sewer    | Noticed a crocodile
  2121 | Sewer    | Killed a crocodile
  2121 | Sewer    | Reached XP level 5. HP: 14/43 MP: 1/12
  2346 | D:3      | Found an iron altar of Okawaru.
  2429 | D:3      | Found a shattered altar of Ashenzari.
  3081 | D:4      | Noticed Grinder
  3110 | D:4      | Reached XP level 6. HP: 46/50 MP: 9/13
  3411 | D:4      | Reached skill level 5 in Fighting
  3411 | D:4      | Reached skill level 5 in Long Blades
  3411 | D:4      | Reached skill level 5 in Dodging
  3451 | D:4      | Paralysed by Grinder for 5 turns
  3460 | D:4      | Paralysed by Grinder for 2 turns
  3469 | D:4      | Paralysed by Grinder for 2 turns
  3475 | D:4      | Paralysed by Grinder for 4 turns
  3485 | D:4      | Gained mutation: Your magical capacity is low. (-10% MP)
                  | [potion of mutation]
  3485 | D:4      | Gained mutation: Your system is resistant to poisons.
                  | (rPois) [potion of mutation]
  3485 | D:4      | Gained mutation: You are somewhat resistant to further
                  | mutation. [potion of mutation]
  3489 | D:4      | Killed Grinder
  3489 | D:4      | Reached XP level 7. HP: 11/56 MP: 2/13
  3846 | D:4      | Noticed Pikel
  3870 | D:4      | Slain by Pikel

Levels and vault maps discovered:
D:1:      nicolae_arrival_memento_mori, layout_basic
D:2:      layout_basic, chequers_ecumenical_altar_simple_redux,
          elyvilon_altar_1, uniq_sigmund
D:3:      layout_basic, okawaru_gym_becter, ashenzari_conservatory_becter,
          gup_sewer_entry_glass
D:4:      minmay_recursive_quarters, layout_loops_ring, dancing_weapons_uskayaw,
          minmay_temple_entry_offerings, first_ration, uniq_grinder, uniq_pikel

Skill      XL: |  1  2  3  4  5  6  7 |
---------------+----------------------+-----
Spellcasting   | 5 |  5.6
Invocations    | 1 2 |  2.8
Short Blades   | 1 2 |  2.5
Axes           | 1 2 |  2.5
Maces & Flails | 1 2 |  2.5
Polearms       | 1 2 |  2.5
Staves         | 1 2 |  2.5
Slings         | 1 2 |  2.5
Bows           | 1 2 |  2.5
Crossbows      | 1 2 |  2.5
Throwing       | 1 2 |  2.5
Stealth        | 1 2 |  2.5
Shields        | 1 2 |  2.5
Unarmed Combat | 1 2 |  2.5
Evocations     | 1 2 |  2.5
Conjurations   | 1 2 |  2.0
Hexes          | 1 2 |  2.0
Summonings     | 1 2 |  2.0
Necromancy     | 1 2 |  2.0
Translocations | 1 2 |  2.0
Transmutations | 1 2 |  2.0
Fire Magic     | 1 2 |  2.0
Ice Magic      | 1 2 |  2.0
Air Magic      | 1 2 |  2.0
Earth Magic    | 1 2 |  2.0
Poison Magic   | 1 2 |  2.0
Armour         | 3 |  3.6
Fighting       | 5 |  5.2
Long Blades    | 5 |  5.2
Dodging        | 5 |  5.2
Charms         | |  5.8

Action                   |  1- 3 |  4- 6 |  7- 9 || total
-------------------------+-------+-------+-------++-------
Melee: Falchion          |    99 |    18 |       ||   117
       Bite              |    10 |    31 |     5 ||    46
       Dagger            |       |    43 |       ||    43
       Short sword       |       |   123 |    46 ||   169
 Cast: Infusion          |     2 |    10 |     3 ||    15
       Regeneration      |     4 |     7 |     3 ||    14
       Song of Slaying   |     1 |     2 |     1 ||     4
       Shroud of Golubri |     1 |     2 |       ||     3
       Spectral Weapon   |     1 |       |       ||     1
  Use: Scroll            |     2 |     5 |       ||     7
       Potion            |     2 |     5 |       ||     7
 Stab: Sleeping          |       |     2 |       ||     2
  Eat: Chunk             |     2 |     7 |     3 ||    12
Armor: Leather armour    |    19 |    54 |     8 ||    81
       Skin              |    15 |       |       ||    15
Dodge: Dodged            |    72 |   139 |    24 ||   235
       Rpst.: Falchion   |    25 |     6 |       ||    31
